 Dungeon Crawl Stone Soup version 0.29-a0-286-g41199d4a87 (webtiles) character file.

Game seed: 17824854952633598598

3 Dabor the Skirmisher (level 1, -1/14 HPs)
             Began as a Gargoyle Fighter on Mar 16, 2022.
             Slain by a kobold
             ... wielding a +0 dagger
              (3 damage)
             ... on level 1 of the Dungeon.
             The game lasted 00:00:04 (53 turns).

Dabor the Skirmisher (Gargoyle Fighter)               Turns: 53, Time: 00:00:04

Health: -1/14      AC:  9    Str: 19    XL:     1   Next: 50%
Magic:  1/1        EV:  9    Int:  8    God:
Gold:   17         SH:  4    Dex:  9    Spells: 0/0 levels left

rFire   . . .      SeeInvis .   a - +0 flail
rCold   . . .      Faith    .   c - +0 buckler
rNeg    + . .      Spirit   .   b - +0 scale mail
rPois   ∞          Reflect  .   (no helmet)
rElec   +          Harm     .   (no cloak)
rCorr   .          Rampage  .   (no gloves)
Will    .....                   (no boots)
Stlth   ..........              (no amulet)
HPRegen 0.04/turn               (no ring)
MPRegen 0.07/turn               (no ring)

@: no status effects
A: sickness immunity, AC +2, negative energy resistance 1, electricity
resistance, torment resistance 1, petrification resistance
a: no special abilities


You were on level 1 of the Dungeon.
You visited 1 branch of the dungeon, and saw 1 of its levels.

You collected 17 gold pieces.

Inventory:

Hand Weapons
 a - a +0 flail (weapon)
Armour
 b - a +0 scale mail (worn)
 c - a +0 buckler (worn)
Scrolls
 e - a scroll of vulnerability {unknown}
 f - a scroll of identify {unknown}
Potions
 d - a potion of might


   Skills:
 + Level 3.3 Fighting
 + Level 2.1 Maces & Flails
 + Level 3.3 Armour
 + Level 3.3 Shields


You couldn't memorise any spells.
You didn't know any spells.
Your spell library was empty.

Dungeon Overview and Level Annotations

Branches:
Dungeon (1/15)

Altars:


Innate Abilities, Weirdness & Mutations

You are immune to sickness and miasma.
Your stone body is resilient. (AC +2)
You are immune to poison.
You resist negative energy. (rN+)
You are resistant to electric shocks. (rElec)
You are resistant to unholy torment.
You are immune to petrification.


Message History

Found an escape hatch in the floor.
No target in view!
There is an open door here.
There is an escape hatch in the floor here.
You now have 17 gold pieces.
You open the door.
There is an open door here.
There is an open door here.
There is an escape hatch in the floor here.
You open the door.
Found a mace.
No target in view!
Found a stone staircase leading down.
There is an open door here.
No target in view!
A kobold comes into view. It is wielding a +0 dagger.
The kobold shouts!
You see here a +0 mace.
A kobold is nearby!
A gnoll, a kobold and a goblin come into view.
The goblin shouts!
There are monsters nearby!
There are monsters nearby!
You sock the kobold!
You kill the kobold!
The kobold throws a stone.
The stone hits you but does no damage.
There are monsters nearby!
Things that are here:
a +0 dagger; a kobold corpse
There are monsters nearby!
You barely miss the gnoll. The goblin barely misses you.
The gnoll closely misses you.
There are monsters nearby!
You sock the gnoll!
The gnoll is severely wounded.
The goblin hits you with a +0 dagger. The gnoll hits you with a +0 flail!
Ouch! That really hurt!
* * * LOW HITPOINT WARNING * * *
The kobold hits you but does no damage. The kobold hits you with a +0 dagger.
You die...

#....>##.## .......
.........+.## ......
.....#####.####....#.
###.. #>#'.......#
#.. ##.##.....$.# #.
#.###..)....#
###'###.......#
#....##.....##...
#....##..@.......
#....##.ggK......
#######..........
............
.............
...............
#..............
####...........


You could see a gnoll, a goblin and a kobold.

Vanquished Creatures
  A giant cockroach (D:1)
  2 kobolds (D:1)
3 creatures vanquished.

Notes
Turn   | Place    | Note
-------+----------+-------------------------------------------
     0 | D:1      | Dabor the Gargoyle Fighter began the quest for the Orb.
     0 | D:1      | Reached XP level 1. HP: 14/14 MP: 1/1
    53 | D:1      | Slain by a kobold

Illustrated notes

Levels and vault maps discovered:
D:1:      dpeg_arrival_connections, layout_rooms

Action                   || total
-------------------------++-------
Melee: Flail             ||     6
Armor: Scale mail        ||     4
Dodge: Dodged            ||     3
Block: Buckler           ||     1

Table legend: (Time is in decaauts)
 A = Elapsed time spent in this place.
 B = Non-inter-level travel time spent in this place.
 C = Inter-level travel time spent in this place.
 D = Time resting spent in this place.
 E = Time spent auto-exploring this place.
 F = Levels seen in this place.
 G = Mean time per level.
                   A        B        C        D        E       F      G
               +--------+--------+--------+--------+--------+-----+--------+
         Total |     54 |     54 |      0 |      0 |     31 |   1 |   54.0 |
       Dungeon |     54 |     54 |      0 |      0 |     31 |   1 |   54.0 |
               +--------+--------+--------+--------+--------+-----+--------+

Top non-repeatable levels by time:
     D:1: 54 daAuts
